| TOP OF THE 1ST |
|
Seattle Mariners batting - Pitching for Cleveland Spiders : RHP Vinny Mendoza
|
|
Pitching: RHP Vinny Mendoza
|
|
|
Batting: LHB Jose Perales
|
0-0: Foul Ball, location: 2F 0-1: Fly out, F5 (Popup, 5SF, EV 69.4 MPH)
|
|
Batting: LHB Don Mattingly
|
0-0: Called Strike 0-1: Ball 1-1: Ball 2-1: Ground out 6-3 (Groundball, 6, EV 86.9 MPH)
|
|
Batting: RHB Robin Yount
|
0-0: Called Strike 0-1: Fly out, F3 (Popup, 3F, EV 66.3 MPH)
|
| Top of the 1st over - 0 runs, 0 hits, 0 errors, 0 left on base; Seattle 0 - Cleveland 0 |
| BOTTOM OF THE 1ST |
|
Cleveland Spiders batting - Pitching for Seattle Mariners : RHP Scott Sanderson
|
|
Pitching: RHP Scott Sanderson
|
|
|
Batting: RHB Alan Trammell
|
0-0: Foul Ball, location: 2F 0-1: Called Strike 0-2: Ball 1-2: Ball 2-2: Foul Ball, location: 2F 2-2: Ball 3-2: Foul Ball, location: 2F 3-2: Foul Ball, location: 2F 3-2: Ground out 6-3 (Groundball, 6, EV 110.0 MPH)
|
|
Batting: SHB Bump Wills
|
0-0: Called Strike 0-1: Ball 1-1: Called Strike 1-2: Strikes out swinging
|
|
Batting: SHB Salvador Perez
|
0-0: Ball 1-0: Reached on error, E4 (Groundball, 4, EV 91.3 MPH)
|
|
Batting: RHB Clayton Elliott
|
0-0: Ball Salvador Perez steals 2nd base 1-0: Swinging Strike 1-1: Ball 2-1: Foul Ball, location: 2F 2-2: Strikes out swinging
|
| Bottom of the 1st over - 0 runs, 0 hits, 1 error, 1 left on base; Seattle 0 - Cleveland 0 |
| TOP OF THE 2ND |
|
Seattle Mariners batting - Pitching for Cleveland Spiders : RHP Vinny Mendoza
|
|
Batting: LHB Mike Stenhouse
|
0-0: Foul Ball, location: 2F 0-1: Ball 1-1: Swinging Strike 1-2: Ball 2-2: Strikes out swinging
|
|
Batting: SHB Miguel Dilone
|
0-0: Foul Ball, location: 2F 0-1: Ball 1-1: Ball 2-1: Swinging Strike 2-2: Foul Ball, location: 2F 2-2: Ball 3-2: Fly out, F3 (Flyball, 3D, EV 93.1 MPH)
|
|
Batting: LHB Ivan Flores
|
0-0: Foul Ball, location: 2F 0-1: Called Strike 0-2: Ball 1-2: Ball 2-2: Strikes out swinging
|
| Top of the 2nd over - 0 runs, 0 hits, 0 errors, 0 left on base; Seattle 0 - Cleveland 0 |
| BOTTOM OF THE 2ND |
|
Cleveland Spiders batting - Pitching for Seattle Mariners : RHP Scott Sanderson
|
|
Batting: RHB Cressy Pratt
|
0-0: Ball 1-0: Called Strike 1-1: Called Strike 1-2: Ball 2-2: Ball 3-2: Foul Ball, location: 2F 3-2: Strikes out swinging
|
|
Batting: RHB Tom Brunansky
|
0-0: Ball 1-0: Ground out U3 (Groundball, 3L, EV 89.4 MPH)
|
|
Batting: RHB Kevin Bell
|
0-0: Ball 1-0: DOUBLE (Flyball, 78XD, EV 107.5 MPH)
|
|
Batting: RHB Lance Parrish
|
0-0: Foul Ball, location: 2F 0-1: Called Strike 0-2: Ball 1-2: 2-RUN HOME RUN (Flyball, 7D, EV 91.9 MPH), Distance : 400 ft
|
|
Batting: RHB Jesse Barfield
|
0-0: Ball 1-0: Ball 2-0: Foul Ball, location: 2F 2-1: Foul Ball, location: 2F 2-2: Foul Ball, location: 2F 2-2: Ground out 4-3 (Groundball, 4, EV 82.5 MPH)
|
| Bottom of the 2nd over - 2 runs, 2 hits, 0 errors, 0 left on base; Seattle 0 - Cleveland 2 |
| TOP OF THE 3RD |
|
Seattle Mariners batting - Pitching for Cleveland Spiders : RHP Vinny Mendoza
|
|
Batting: RHB Ryne Sandberg
|
0-0: Called Strike 0-1: Called Strike 0-2: Ball 1-2: Strikes out swinging
|
|
Batting: RHB Ramon Estepa
|
0-0: Ball 1-0: Ball 2-0: Ball 3-0: Base on Balls
|
|
Batting: RHB Ozzie Virgil
|
0-0: Grounds into double play, 6-4-3 (Groundball, 6, EV 105.6 MPH)
|
| Top of the 3rd over - 0 runs, 0 hits, 0 errors, 0 left on base; Seattle 0 - Cleveland 2 |
| BOTTOM OF THE 3RD |
|
Cleveland Spiders batting - Pitching for Seattle Mariners : RHP Scott Sanderson
|
|
Batting: RHB Alan Trammell
|
0-0: Called Strike 0-1: Called Strike 0-2: Ball 1-2: Strikes out swinging
|
|
Batting: SHB Bump Wills
|
0-0: Ball 1-0: Ball 2-0: Foul Ball, location: 2F 2-1: Ground out 4-3 (Groundball, 4, EV 105.6 MPH)
|
|
Batting: SHB Salvador Perez
|
0-0: Ball 1-0: Swinging Strike 1-1: Swinging Strike 1-2: Ball 2-2: Foul Ball, location: 2F 2-2: Strikes out swinging
|
| Bottom of the 3rd over - 0 runs, 0 hits, 0 errors, 0 left on base; Seattle 0 - Cleveland 2 |
| TOP OF THE 4TH |
|
Seattle Mariners batting - Pitching for Cleveland Spiders : RHP Vinny Mendoza
|
|
Batting: LHB Jose Perales
|
0-0: Called Strike 0-1: Ball 1-1: Fly out, F7 (Flyball, 78S, EV 90.0 MPH)
|
|
Batting: LHB Don Mattingly
|
0-0: Called Strike 0-1: Ball 1-1: Fly out, F8 (Flyball, 78XD, EV 93.1 MPH)
|
|
Batting: RHB Robin Yount
|
0-0: Ball 1-0: Ball 2-0: Called Strike 2-1: Ground out 5-3 (Groundball, 5, EV 87.5 MPH)
|
| Top of the 4th over - 0 runs, 0 hits, 0 errors, 0 left on base; Seattle 0 - Cleveland 2 |
| BOTTOM OF THE 4TH |
|
Cleveland Spiders batting - Pitching for Seattle Mariners : RHP Scott Sanderson
|
|
Batting: RHB Clayton Elliott
|
0-0: Ball 1-0: Ball 2-0: Foul Ball, location: 2F 2-1: Ball 3-1: Swinging Strike 3-2: DOUBLE (Line Drive, 89XD, EV 111.3 MPH)
|
|
Batting: RHB Cressy Pratt
|
0-0: Ball 1-0: Ball 2-0: SINGLE (Line Drive, 9S, EV 104.4 MPH) Clayton Elliott to third Runner from 3rd tries for Home, SAFE, throw by RF to home
|
|
Batting: RHB Tom Brunansky
|
0-0: Ball 1-0: Grounds into double play, 6-4-3 (Groundball, 6, EV 83.1 MPH)
|
|
Batting: RHB Kevin Bell
|
0-0: Ground out 4-3 (Groundball, 4S, EV 84.4 MPH)
|
| Bottom of the 4th over - 1 run, 2 hits, 0 errors, 0 left on base; Seattle 0 - Cleveland 3 |
| TOP OF THE 5TH |
|
Seattle Mariners batting - Pitching for Cleveland Spiders : RHP Vinny Mendoza
|
|
Batting: LHB Mike Stenhouse
|
0-0: Called Strike 0-1: Foul Ball, location: 2F 0-2: Ball 1-2: Ball 2-2: Foul Ball, location: 2F 2-2: Ball 3-2: Ground out 5-3 (Groundball, 56, EV 85.0 MPH)
|
|
Batting: SHB Miguel Dilone
|
0-0: Called Strike 0-1: Fly out, F9 (Flyball, 89S, EV 83.8 MPH)
|
|
Batting: LHB Ivan Flores
|
0-0: SINGLE (Groundball, 56S, EV 68.1 MPH) (infield hit)
|
|
Batting: RHB Ryne Sandberg
|
0-0: Ball 1-0: Ball Ivan Flores is caught stealing 2nd base 2-4
|
| Top of the 5th over - 0 runs, 1 hit, 0 errors, 0 left on base; Seattle 0 - Cleveland 3 |
| BOTTOM OF THE 5TH |
|
Cleveland Spiders batting - Pitching for Seattle Mariners : RHP Scott Sanderson
|
|
Batting: RHB Lance Parrish
|
0-0: Swinging Strike 0-1: Ball 1-1: Called Strike 1-2: Strikes out swinging
|
|
Batting: RHB Jesse Barfield
|
0-0: Ball 1-0: Ball 2-0: Fly out, F2 (Popup, 23F, EV 90.6 MPH)
|
|
Batting: RHB Alan Trammell
|
0-0: Ball 1-0: Foul Ball, location: 2F 1-1: Fly out, F9 (Flyball, 9, EV 95.0 MPH)
|
| Bottom of the 5th over - 0 runs, 0 hits, 0 errors, 0 left on base; Seattle 0 - Cleveland 3 |
| TOP OF THE 6TH |
|
Seattle Mariners batting - Pitching for Cleveland Spiders : RHP Vinny Mendoza
|
|
Batting: RHB Ryne Sandberg
|
0-0: SINGLE (Groundball, P, EV 85.0 MPH) (infield hit)
|
|
Batting: RHB Ramon Estepa
|
0-0: Ball 1-0: Ball 2-0: Grounds into double play, 4-6-3 (Groundball, 4, EV 86.3 MPH)
|
|
Batting: RHB Ozzie Virgil
|
0-0: SINGLE (Groundball, 34D, EV 110.0 MPH)
|
|
Batting: LHB Jose Perales
|
0-0: Ball Pickoff Throw to First - Out! 1-3
|
| Top of the 6th over - 0 runs, 2 hits, 0 errors, 0 left on base; Seattle 0 - Cleveland 3 |
| BOTTOM OF THE 6TH |
|
Cleveland Spiders batting - Pitching for Seattle Mariners : RHP Scott Sanderson
|
|
Batting: SHB Bump Wills
|
0-0: Ball 1-0: Ball 2-0: Ground out 4-3 (Groundball, 4S, EV 74.4 MPH)
|
|
Batting: SHB Salvador Perez
|
0-0: Ball 1-0: Ball 2-0: Called Strike 2-1: Called Strike 2-2: SINGLE (Line Drive, 8RS, EV 106.9 MPH)
|
|
Batting: RHB Clayton Elliott
|
0-0: Called Strike 0-1: Foul Ball, location: 2F 0-2: Grounds into double play, 4-6-3 (Groundball, 4, EV 84.4 MPH)
|
| Bottom of the 6th over - 0 runs, 1 hit, 0 errors, 0 left on base; Seattle 0 - Cleveland 3 |
| TOP OF THE 7TH |
|
Seattle Mariners batting - Pitching for Cleveland Spiders : RHP Vinny Mendoza
|
|
Batting: LHB Jose Perales
|
0-0: Fly out, F8 (Flyball, 89XD, EV 87.5 MPH)
|
|
Batting: LHB Don Mattingly
|
0-0: Ground out U3 (Groundball, 3, EV 104.4 MPH)
|
|
Batting: RHB Robin Yount
|
0-0: Ball 1-0: Ball 2-0: Foul Ball, location: 2F 2-1: Fly out, F1 (Line Drive, P, EV 67.5 MPH)
|
| Top of the 7th over - 0 runs, 0 hits, 0 errors, 0 left on base; Seattle 0 - Cleveland 3 |
| BOTTOM OF THE 7TH |
|
Cleveland Spiders batting - Pitching for Seattle Mariners : RHP Scott Sanderson
|
|
Batting: RHB Cressy Pratt
|
0-0: Foul Ball, location: 2F 0-1: Swinging Strike 0-2: Ball 1-2: Strikes out swinging
|
|
Batting: RHB Tom Brunansky
|
0-0: Ball 1-0: SINGLE (Line Drive, 89S, EV 86.3 MPH)
|
|
Batting: RHB Kevin Bell
|
0-0: Ball 1-0: Called Strike 1-1: Ball 2-1: Fly out, F8 (Flyball, 8LD, EV 96.3 MPH)
|
|
Batting: RHB Lance Parrish
|
0-0: Ball Tom Brunansky is caught stealing 2nd base 2-4
|
| Bottom of the 7th over - 0 runs, 1 hit, 0 errors, 0 left on base; Seattle 0 - Cleveland 3 |
| TOP OF THE 8TH |
|
Seattle Mariners batting - Pitching for Cleveland Spiders : RHP Vinny Mendoza
|
|
Batting: LHB Mike Stenhouse
|
0-0: Called Strike 0-1: Called Strike 0-2: Ball 1-2: Strikes out swinging
|
|
Batting: SHB Miguel Dilone
|
0-0: Called Strike 0-1: Ball 1-1: DOUBLE (Line Drive, 89D, EV 103.8 MPH)
|
|
Batting: LHB Ivan Flores
|
0-0: Ball 1-0: Called Strike 1-1: Swinging Strike 1-2: Strikes out swinging
|
|
Batting: RHB Ryne Sandberg
|
0-0: Ball 1-0: Called Strike 1-1: Ball 2-1: Foul Ball, location: 2F 2-2: Ball 3-2: Foul Ball, location: 2F 3-2: Strikes out looking
|
| Top of the 8th over - 0 runs, 1 hit, 0 errors, 1 left on base; Seattle 0 - Cleveland 3 |
| BOTTOM OF THE 8TH |
|
Cleveland Spiders batting - Pitching for Seattle Mariners : RHP Scott Sanderson
|
|
Batting: RHB Lance Parrish
|
0-0: Ball 1-0: Foul Ball, location: 2F 1-1: Called Strike 1-2: Fly out, F4 (Flyball, 4D, EV 74.4 MPH)
|
|
Pitching: RHP Carlos Diaz
|
|
|
Batting: RHB Jesse Barfield
|
0-0: Called Strike 0-1: Swinging Strike 0-2: Strikes out swinging
|
|
Batting: RHB Alan Trammell
|
0-0: Ball 1-0: Called Strike 1-1: Called Strike 1-2: Ball 2-2: Foul Ball, location: 2F 2-2: SINGLE (Groundball, 4MS, EV 66.3 MPH) (infield hit)
|
|
Batting: SHB Bump Wills
|
Pickoff Throw to First - Error! E1 Alan Trammell to second 0-0: Ground out 6-3 (Groundball, 6, EV 81.9 MPH)
|
| Bottom of the 8th over - 0 runs, 1 hit, 1 error, 1 left on base; Seattle 0 - Cleveland 3 |
| TOP OF THE 9TH |
|
Seattle Mariners batting - Pitching for Cleveland Spiders : RHP Vinny Mendoza
|
|
Batting: RHB Ramon Estepa
|
0-0: Swinging Strike 0-1: Fly out, F4 (Popup, 4MD, EV 72.5 MPH)
|
|
Batting: RHB Ozzie Virgil
|
0-0: Ball 1-0: Fly out, F9 (Flyball, 9D, EV 97.5 MPH)
|
|
Batting: LHB Jose Perales
|
0-0: Fly out, F5 (Line Drive, 5, EV 69.4 MPH)
|
| Top of the 9th over - 0 runs, 0 hits, 0 errors, 0 left on base; Seattle 0 - Cleveland 3 |
|